 Dungeon Crawl Stone Soup version 0.13-a0-2305-ge00d11d (webtiles) character file.

117 Kae the Chopper (level 4, -4/37 HPs)
             Began as a Hill Orc Abyssal Knight on July 9, 2013.
             Was a Believer of Lugonu.
             Slain by a green rat (5 damage)
             ... on Level 2 of the Dungeon.
             The game lasted 00:00:58 (1019 turns).

Kae the Chopper (Hill Orc Abyssal Knight)           Turns: 1019, Time: 00:00:58

HP  -4/37        AC 11     Str 15      XL: 4   Next:  0%
MP   6/6         EV  3     Int 12      God: Lugonu [**....]
Gold 60          SH  0     Dex 10      Spells:  0 memorised,  3 levels left

Res.Fire  : . . .   See Invis. : .   a - +2 orc hand axe {=f}
Res.Cold  : . . .   Warding    : .   j - +0 plate armour
Life Prot.: . . .   Conserve   : .   (no shield)
Res.Poison: .       Res.Corr.  : .   (no helmet)
Res.Elec. : .       Clarity    : .   (no cloak)
Sust.Abil.: . .     Spirit.Shd : .   (no gloves)
Res.Mut.  : .       Stasis     : .   (no boots)
Res.Rott. : .       Flight     : .   (no amulet)
Saprovore : + . .                    (no ring)
                                     (no ring)

@: mildly poisoned, slightly resistant to hostile enchantments, extremely
unstealthy
A: saprovore 1
a: Depart the Abyss, Bend Space, Renounce Religion


You were on level 2 of the Dungeon.
You worshipped Lugonu.
Lugonu was most pleased with you.
You were hungry.

You visited 1 branch of the dungeon, and saw 2 of its levels.
You visited the Abyss 1 time.

You collected 40 gold pieces.

Inventory:

Hand weapons
 a - a +2,+2 orcish hand axe (weapon) {=f}
Armour
 b - a +0 orcish leather armour
 j - a +0 plate armour (worn)
Comestibles
 c - 2 meat rations
 l - an apple
Scrolls
 d - 8 scrolls of remove curse {unknown}
 e - 3 scrolls of noise {unknown}
 f - 3 scrolls of curse armour {unknown}
 g - 2 scrolls of enchant armour {unknown}
 i - a scroll of enchant weapon II {unknown}
 k - 2 scrolls of identify {unknown}
Potions
 h - a potion of curing {unknown}


   Skills:
 - Level 3.9 Fighting
 * Level 4.7 Axes
 - Level 2.3 Armour
 - Level 0.7 Dodging
 + Level 3.2 Invocations


You had 3 spell levels left.
You didn't know any spells.

Dungeon Overview and Level Annotations

Branches:
Dungeon (2/27)

Altars:
Fedhas


Innate Abilities, Weirdness & Mutations

You can tolerate rotten meat.


Message History

You are too injured to fight recklessly!
You are too injured to fight recklessly!
You are too injured to fight recklessly!
You hit the green rat but do no damage.
* * * LOW HITPOINT WARNING * * *
You feel sick.
You feel a little better.
The green rat bites you but does no damage.
You hit the green rat but do no damage.
* * * LOW HITPOINT WARNING * * *
You feel sick. The green rat bites you.
* * * LOW HITPOINT WARNING * * *
You hit the green rat.
The green rat is moderately wounded.
The green rat bites you!
* * * LOW HITPOINT WARNING * * *
You hit the green rat but do no damage.
The green rat is moderately wounded.
The green rat bites you.
You die...

...#.....♣P.♣P.....P♣P.#
#######♣P♣♣.♣....P..♣P.#
#P..♣........P♣♣#
#♣.♣.P8..#.P..P#
♣.♣.♣.......♣.#.
♣..P..#...#P♣P...
.♣♣.....=..)P###
.P♣♣P♣.._?.PP#
♣♣.....@...♣#
.....♣#.r.#.♣#
.♣P♣.....§P....
P♣P....#.§P♣♣.# P♣♣♣..)
§§♣.♣♣ ♣♣..♣. ^P♣♣§P
P.... ♣..PP ...♣ .PP. .
?


You could see a green rat.

Vanquished Creatures
  An adder (D:2)
  2 worms
  A giant gecko (D:1)
  An ooze (D:1)
  5 bats (D:1)
  3 goblins (D:1)
  7 hobgoblins
  4 jackals (D:1)
  A ball python (D:2)
  2 giant newts (D:1)
  3 kobolds (D:1)
  5 rats
35 creatures vanquished.

Vanquished Creatures (others)
  A rat (D:1)
1 creature vanquished.

Grand Total: 36 creatures vanquished

Notes
Turn   | Place    | Note
--------------------------------------------------------------
     0 | Abyss:1  | Kae, the Hill Orc Abyssal Knight, began the quest for the Orb.
     0 | Abyss:1  | Reached XP level 1. HP: 17/17 MP: 1/1
    68 | Abyss:1  | Noticed a hellwing
    69 | Abyss:1  | Noticed a hellwing
   175 | D:1      | Escaped the Abyss
   210 | D:1      | Acquired Lugonu's first power
   261 | D:1      | Reached XP level 2. HP: 18/24 MP: 2/2
   535 | D:1      | Acquired Lugonu's second power
   535 | D:1      | Reached XP level 3. HP: 30/30 MP: 4/4
   629 | D:1      | Reached skill level 4 in Axes
   990 | D:2      | Found a blossoming altar of Fedhas.
  1006 | D:2      | Reached XP level 4. HP: 20/37 MP: 6/6
  1018 | D:2      | HP: 1/37 [green rat (7)]
  1019 | D:2      | Slain by a green rat

Action                   |  1- 3 |  4- 6 || total
-------------------------+-------+-------++-------
Melee: Hand axe          |   106 |     5 ||   111
Invok: Depart the Abyss  |     1 |       ||     1
